 Dungeon Crawl Stone Soup version 0.24-a0-788-g2b66604 (webtiles) character file.

Game seed: 17979012734620163958, levelgen mode: deterministic

146 JeffiDaFish the Firebug (level 5, -1/28 HPs)
             Began as a Deep Elf Fire Elementalist on Oct 6, 2019.
             Was an Initiate of Sif Muna.
             Killed from afar by an orc wizard (6 damage)
             ... with a magic dart
             ... on level 3 of the Dungeon on Oct 9, 2019.
             The game lasted 00:06:34 (2483 turns).

JeffiDaFish the Firebug (DEFE)                      Turns: 2483, Time: 00:06:35

Health: -1/28      AC:  2    Str:  5    XL:     5   Next: 7%
Magic:  0/13       EV: 14    Int: 23    God:    Sif Muna [......]
Gold:   189        SH:  0    Dex: 15    Spells: 4/12 levels left

rFire    + . .     SeeInvis .   l - +0 rapier
rCold    . . .     Gourm    .   (no shield)
rNeg     . . .     Faith    .   a - +0 robe
rPois    .         Spirit   .   (no helmet)
rElec    .         Reflect  .   (no cloak)
rCorr    .         Harm     .   (no gloves)
MR       .....                  (no boots)
Stlth    ++........             (no amulet)
HPRegen  0.09/turn              e - ring of protection from fire
MPRegen  0.13/turn              (no ring)

@: very slightly contaminated
A: talons 1, clever 1
a: Renounce Religion


You were on level 3 of the Dungeon.
You worshipped Sif Muna.
Sif Muna was noncommittal.
You were not hungry.

You visited 1 branch of the dungeon, and saw 3 of its levels.

You collected 189 gold pieces.

Inventory:

Hand Weapons
 l - a +0 rapier (weapon)
Armour
 a - a +0 robe (worn)
Jewellery
 e - a ring of protection from fire (left hand)
Scrolls
 d - 2 scrolls of fog
 g - a scroll of identify
 h - a scroll of fear
 i - a scroll of remove curse {unknown}
Potions
 k - a potion of resistance {unknown}
 m - a potion of brilliance {unknown}
Comestibles
 c - 6 rations
 f - 11 chunks of flesh


   Skills:
 + Level 3.5 Dodging
 - Level 2.4 Stealth
 + Level 4.2 Spellcasting
 + Level 2.3 Conjurations
 * Level 4.7 Fire Magic


You had 4 spell levels left.
You knew the following spells:

 Your Spells              Type           Power        Failure   Level  Hunger
a - Flame Tongue          Conj/Fire      ###..        2%          1    None
b - Conjure Flame         Conj/Fire      ###.....     7%          3    ##.....
c - Sticky Flame          Conj/Fire      ###.....     24%         4    ####...

Your spell library contained the following spells:

 Spells                   Type           Power        Failure   Level  Hunger
 Throw Flame              Conj/Fire      ###...       3%          2    #......
 Inner Flame              Hex/Fire       ###.....     12%         3    ##.....
 Fireball                 Conj/Fire      ###.......   54%         5    ######.


Dungeon Overview and Level Annotations

Branches:
Dungeon (3/15)

Altars:
Hepliaklqana
Sif Muna


Innate Abilities, Weirdness & Mutations

You have sharp toenails.
Your mind is acute. (Int +2)


Message History

The orc wizard is severely wounded.
The orc wizard hits you with a cursed -3 dagger.
* * * LOW HITPOINT WARNING * * *
The orc wizard hits you but does no damage.
You feel better. The orc wizard barely misses you.
You barely miss the orc wizard.
The orc wizard is severely wounded.
The orc wizard hits you with a cursed -3 dagger.
The orc wizard looks braver for a moment.
It was a potion of mutation.
You feel extremely strange.
Your toenails lengthen and sharpen.
You feel clever.
The orc wizard casts a cantrip, but nothing happens.
You hit the orc wizard. Your kick misses the orc wizard.
The orc wizard is severely wounded.
The orc wizard points at you and mumbles some strange words.
The magic dart hits you.
* * * LOW HITPOINT WARNING * * *
The orc wizard casts a spell at you. The magic dart hits you.
You die...

#.# #.# #.# #.#
#.# #.# #.# #.#
#.####.#
#......#
######.#
#.########
#.@oo)....
.......########
...##### #


You could see an orc wizard and an orc.

Vanquished Creatures
  A bullfrog (D:2)
  2 adders (D:3)
  A worm (D:3)
  2 dart slugs (D:1)
  3 orcs (D:3)
  3 bats
  4 giant cockroaches
  4 goblins
  6 hobgoblins
  4 jackals (D:2)
  2 quokkas
  2 ball pythons
  6 frilled lizards
  3 kobolds
  10 rats
53 creatures vanquished.

Notes
Turn   | Place    | Note
-------+----------+-------------------------------------------
     0 | D:1      | JeffiDaFish the Deep Elf Fire Elementalist began the quest
                  | for the Orb.
     0 | D:1      | Reached XP level 1. HP: 10/10 MP: 6/6
   334 | D:1      | Reached XP level 2. HP: 12/15 MP: 1/8
  1212 | D:2      | Reached XP level 3. HP: 17/19 MP: 0/10
  1221 | D:2      | Upgraded the game from 0.24-a0-769-g368c164 to
                  | 0.24-a0-788-g2b66604
  1414 | D:2      | Learned a level 3 spell: Conjure Flame
  1456 | D:2      | Found a hazy altar of Hepliaklqana.
  1743 | D:2      | Noticed a bullfrog
  1747 | D:2      | Killed a bullfrog
  1747 | D:2      | Reached XP level 4. HP: 18/24 MP: 4/12
  1838 | D:2      | Found a shimmering blue altar of Sif Muna.
  1841 | D:2      | Became a worshipper of Sif Muna the Loreminder
  2049 | D:3      | Learned a level 4 spell: Sticky Flame
  2399 | D:3      | Reached XP level 5. HP: 26/28 MP: 7/13
  2482 | D:3      | Gained mutation: You have sharp toenails. [potion of
                  | mutation]
  2482 | D:3      | Gained mutation: Your mind is acute. (Int +2) [potion of
                  | mutation]
  2483 | D:3      | Killed from afar by an orc wizard

Levels and vault maps discovered:
D:1:      lightli_arrival_lavapool, layout_basic, minivault_11
D:2:      layout_basic, lemuel_blue_sif_altar, lemuel_round_altar,
          chequers_arboretum
D:3:      layout_loops_ring

Skill      XL: |  1  2  3 |
---------------+----------+-----
Dodging        | 3 |  3.5
Spellcasting   | 4 |  4.2
Conjurations   | 2 |  2.3
Fire Magic     | 4 |  4.7
Stealth        | |  2.4

Action                   |  1- 3 |  4- 6 || total
-------------------------+-------+-------++-------
Melee: Unarmed           |     6 |       ||     6
       Rapier            |       |     7 ||     7
 Cast: Flame Tongue      |    63 |    41 ||   104
       Conjure Flame     |     1 |     2 ||     3
  Use: Scroll            |     3 |     1 ||     4
       Potion            |     2 |     2 ||     4
  Eat: Chunk             |     2 |     3 ||     5
Armor: Robe              |     5 |     3 ||     8
Dodge: Dodged            |    18 |    11 ||    29

Table legend:
 A = Non-vault XP
 B = Vault XP
 C = Vault XP percentage of total XP
 D = Non-vault monster count
 E = Vault monster count
 F = Vault count percentage of total count
                 A         B        C        D         E       F
            +---------+---------+-------+---------+---------+-------
      Total |     209 |       0 |   0.0 |      53 |       0 |   0.0
            +---------+---------+-------+---------+---------+-------
        D:1 |      31 |       0 |   0.0 |      18 |       0 |   0.0
        D:2 |     121 |       0 |   0.0 |      19 |       0 |   0.0
        D:3 |      57 |       0 |   0.0 |      16 |       0 |   0.0
            +---------+---------+-------+---------+---------+-------
